3026 views
Uploaded 2020-02-16 01:24:29
Game version 1.32 / 1.32.1
18:29 long 2on2 ladder game on (4)SynergyBigPaved
Saved by Grim
3026 views
Uploaded 2020-02-16 01:24:29
Game version 1.32 / 1.32.1
18:29 long 2on2 ladder game on (4)SynergyBigPaved


74 units @ 10.7k
/ 1.2k
33 buildings @ 3.7k
/ 1.3k


| Potion of Healing | 2 | 300 |
| Healing Salve | 1 | 100 |
| Orb of Lightning | 1 | 375 |
| Scroll of Speed | 1 | 50 |
| total: | 5 | 825g |
| Peon | 7 | 525 | / | 0 |
| Grunt | 3 | 600 | / | 0 |
| Troll Headhunter | 18 | 2520 | / | 360 |
| Troll Berserker | 7 | 980 | / | 140 |
| Shaman | 3 | 390 | / | 60 |
| total: | 38 | 5015g | / | 560w |
| Altar of Storms | 1 | 180 | / | 50 |
| Orc Burrow | 6 | 960 | / | 240 |
| Barracks | 1 | 180 | / | 50 |
| War Mill | 1 | 205 | / | 0 |
| Voodoo Lounge | 1 | 130 | / | 30 |
| Spirit Lodge | 1 | 150 | / | 150 |
| Stronghold | 1 | 315 | / | 190 |
| Fortress | 1 | 325 | / | 190 |
| total: | 11 | 1805g | / | 520w |
| 0:04 | Altar of Storms |
| 0:06 | Orc Burrow |
| 0:07 | Peon |
| 0:08 | Peon |
| 0:26 | Peon |
| 0:49 | Barracks |
| 0:56 | Peon |
| 1:11 | Peon |
| 1:28 | Peon |
| 1:34 | Orc Burrow |
| 1:59 | Grunt |
| 2:06 | Feral Spirit |
| 2:10 | Peon |
| 2:34 | War Mill |
| 2:54 | Grunt |
| 3:11 | Voodoo Lounge |
| 3:25 | Grunt |
| 3:48 | Orc Burrow |
| 4:24 | Troll Headhunter |
| 4:30 | Stronghold |
| 4:45 | Troll Headhunter |
| 4:59 | Steel Ranged Weapons |
| 5:03 | Troll Headhunter |
| 5:12 | Chain Lighting |
| 5:26 | Troll Headhunter |
| 5:41 | Troll Headhunter |
| 5:45 | Orc Burrow |
| 6:11 | Troll Headhunter |
| 6:34 | Troll Headhunter |
| 7:09 | Feral Spirit |
| 7:12 | Troll Regeneration |
| 7:21 | Thorium Ranged Weapons |
| 7:36 | Troll Headhunter |
| 8:19 | Potion of Healing |
| 8:20 | Healing Salve |
| 8:29 | Wind Walk |
| 8:51 | Fortress |
| 8:58 | Troll Headhunter |
| 9:01 | Orc Burrow |
| 9:55 | Troll Headhunter |
| 10:02 | Orc Burrow |
| 10:41 | Chain Lighting |
| 11:07 | Mirror Image |
| 11:15 | Troll Headhunter |
| 11:15 | Troll Headhunter |
| 11:49 | Troll Headhunter |
| 12:08 | Spirit Lodge |
| 12:17 | Troll Headhunter |
| 12:43 | Troll Headhunter |
| 12:48 | Arcanite Ranged Weapons |
| 13:08 | Troll Headhunter |
| 13:24 | Shaman Adept Training |
| 13:28 | Troll Headhunter |
| 13:29 | Berserker Upgrade |
| 13:44 | Potion of Healing |
| 14:01 | Troll Headhunter |
| 14:36 | Troll Berserker |
| 14:43 | Shaman Master Training |
| 14:46 | Shaman |
| 15:02 | Orb of Lightning |
| 15:05 | Scroll of Speed |
| 15:27 | Troll Berserker |
| 15:32 | Shaman |
| 15:58 | Troll Berserker |
| 16:34 | Shaman |
| 16:36 | Troll Berserker |
| 17:56 | Troll Berserker |
| 17:56 | Troll Berserker |
| 17:56 | Troll Berserker |
| Right click | 301 |
| Select group | 236 |
| Select | 217 |
| Build/train/purchase | 77 |
| Assign group | 27 |
| Use ability | 11 |
| Minimap ping | 4 |
| Misc. action | 3 |


| Peasant | 10 | 750 | / | 0 |
| Rifleman | 19 | 3895 | / | 570 |
| Sorceress | 5 | 775 | / | 100 |
| Priest | 2 | 270 | / | 20 |
| total: | 36 | 5690g | / | 690w |
| Scout Tower | 5 | 150 | / | 100 |
| Arcane Tower | 2 | 140 | / | 100 |
| Guard Tower | 3 | 210 | / | 150 |
| Blacksmith | 1 | 140 | / | 60 |
| Altar of Kings | 1 | 180 | / | 50 |
| Barracks | 1 | 160 | / | 60 |
| Farm | 11 | 880 | / | 220 |
| Lumber Mill | 1 | 120 | / | 0 |
| Arcane Sanctum | 1 | 150 | / | 140 |
| Gryphon Aviary | 1 | 140 | / | 150 |
| Keep | 1 | 320 | / | 210 |
| Castle | 1 | 360 | / | 210 |
| total: | 22 | 1920g | / | 780w |
| 0:05 | Peasant |
| 0:05 | Peasant |
| 0:30 | Peasant |
| 0:30 | Peasant |
| 0:54 | Blacksmith |
| 0:56 | Altar of Kings |
| 0:58 | Barracks |
| 1:03 | Peasant |
| 1:06 | Farm |
| 1:14 | Peasant |
| 1:22 | Farm |
| 1:30 | Peasant |
| 1:55 | Peasant |
| 2:06 | Rifleman |
| 2:22 | Farm |
| 2:31 | Rifleman |
| 2:39 | Scout Tower |
| 2:45 | Black Gunpowder |
| 3:05 | Holy Light |
| 3:12 | Rifleman |
| 3:25 | Farm |
| 3:34 | Rifleman |
| 3:59 | Arcane Tower |
| 4:02 | Peasant |
| 4:02 | Peasant |
| 4:05 | Farm |
| 4:35 | Rifleman |
| 4:38 | Keep |
| 4:46 | Divine Shield |
| 4:56 | Farm |
| 5:05 | Rifleman |
| 5:47 | Rifleman |
| 6:06 | Farm |
| 6:09 | Studded Leather Armor |
| 6:31 | Rifleman |
| 6:41 | Lumber Mill |
| 6:47 | Scout Tower |
| 7:34 | Arcane Tower |
| 7:36 | Farm |
| 7:37 | Long Rifles |
| 7:42 | Arcane Sanctum |
| 7:52 | Divine Shield |
| 8:05 | Rifleman |
| 8:08 | Refined Gunpowder |
| 8:18 | Farm |
| 8:47 | Summon Water Elemental |
| 8:50 | Rifleman |
| 8:59 | Farm |
| 9:43 | Scout Tower |
| 9:47 | Sorceress |
| 9:56 | Rifleman |
| 10:16 | Guard Tower |
| 10:19 | Farm |
| 11:00 | Blizzard |
| 11:32 | Rifleman |
| 11:32 | Rifleman |
| 11:35 | Priest |
| 11:35 | Priest |
| 11:57 | Sorceress |
| 12:07 | Scout Tower |
| 12:27 | Rifleman |
| 12:51 | Rifleman |
| 12:56 | Scout Tower |
| 13:02 | Sorceress |
| 13:21 | Rifleman |
| 13:26 | Guard Tower |
| 14:04 | Rifleman |
| 14:20 | Holy Light |
| 14:39 | Guard Tower |
| 14:42 | Rifleman |
| 14:43 | Sorceress |
| 15:12 | Gryphon Aviary |
| 16:51 | Castle |
| 16:52 | Rifleman |
| 16:55 | Sorceress |
| Right click | 227 |
| Select | 166 |
| Select group | 147 |
| Build/train/purchase | 61 |
| Assign group | 15 |
| Use ability | 14 |
| Minimap ping | 8 |
50 units @ 9.1k
/ 1.3k
29 buildings @ 4.5k
/ 2k



| Rod of Necromancy | 4 | 600 |
| Orb of Corruption | 1 | 375 |
| Scroll of Town Portal | 1 | 350 |
| Potion of Lesser Invulnerability | 2 | 300 |
| total: | 8 | 1625g |
| Acolyte | 3 | 225 | / | 0 |
| Ghoul | 4 | 480 | / | 0 |
| Crypt Fiend | 12 | 2580 | / | 480 |
| Obsidian Statue | 4 | 800 | / | 140 |
| Frost Wyrm | 2 | 770 | / | 240 |
| total: | 25 | 4855g | / | 860w |
| Crypt | 1 | 200 | / | 50 |
| Altar of Darkness | 1 | 180 | / | 50 |
| Ziggurat | 7 | 1050 | / | 350 |
| Graveyard | 1 | 215 | / | 0 |
| Tomb of Relics | 1 | 130 | / | 30 |
| Slaughterhouse | 1 | 140 | / | 135 |
| Sacrificial Pit | 1 | 75 | / | 150 |
| Boneyard | 1 | 175 | / | 200 |
| Halls of the Dead | 1 | 320 | / | 210 |
| Black Citadel | 1 | 325 | / | 230 |
| total: | 14 | 2165g | / | 965w |
| 0:02 | Acolyte |
| 0:08 | Crypt |
| 0:10 | Altar of Darkness |
| 0:14 | Acolyte |
| 0:32 | Ziggurat |
| 0:55 | Graveyard |
| 1:11 | Tomb of Relics |
| 1:21 | Ghoul |
| 1:21 | Ghoul |
| 1:35 | Ghoul |
| 1:48 | Ziggurat |
| 2:20 | Rod of Necromancy |
| 2:20 | Death Coil |
| 2:24 | Crypt Fiend |
| 2:24 | Crypt Fiend |
| 2:57 | Crypt Fiend |
| 3:31 | Halls of the Dead |
| 3:44 | Crypt Fiend |
| 3:44 | Crypt Fiend |
| 4:01 | Unholy Aura |
| 4:09 | Crypt Fiend |
| 4:16 | Ziggurat |
| 4:43 | Ghoul |
| 5:07 | Rod of Necromancy |
| 5:12 | Crypt Fiend |
| 5:54 | Slaughterhouse |
| 6:07 | Black Citadel |
| 6:39 | Crypt Fiend |
| 6:42 | Ziggurat |
| 6:48 | Frost Armor |
| 6:52 | Rod of Necromancy |
| 6:52 | Rod of Necromancy |
| 7:07 | Death Coil |
| 7:21 | Burrow |
| 7:32 | Obsidian Statue |
| 7:51 | Crypt Fiend |
| 7:57 | Ziggurat |
| 8:12 | Potion of Lesser Invulnerability |
| 8:57 | Howl of Terror |
| 9:25 | Destroyer Form |
| 9:48 | Orb of Corruption |
| 9:53 | Web |
| 10:16 | Ziggurat |
| 11:05 | Frost Nova |
| 11:12 | Death Pact |
| 11:34 | Crypt Fiend |
| 11:34 | Obsidian Statue |
| 11:38 | Sacrificial Pit |
| 11:40 | Creature Attack |
| 11:50 | Frost Nova |
| 12:10 | Scroll of Town Portal |
| 12:32 | Obsidian Statue |
| 12:47 | Acolyte |
| 13:14 | Crypt Fiend |
| 13:46 | Obsidian Statue |
| 14:03 | Ziggurat |
| 14:16 | Potion of Lesser Invulnerability |
| 14:55 | Cleaving Attack |
| 15:23 | Boneyard |
| 15:32 | Improved Creature Attack |
| 16:03 | Crypt Fiend |
| 16:36 | Frost Wyrm |
| 17:49 | Howl of Terror |
| 18:02 | Death Coil |
| 18:20 | Frost Wyrm |
| 18:24 | Dark Ritual |
| Right click | 1308 |
| Select group | 1107 |
| Assign group | 319 |
| Select | 274 |
| Build/train/purchase | 116 |
| Use ability | 51 |
| Misc. action | 13 |
| Minimap ping | 11 |
| Item give/drop | 7 |
| Remove unit | 3 |



| Healing Salve | 1 | 100 |
| total: | 1 | 100g |
| Peon | 7 | 525 | / | 0 |
| Grunt | 9 | 1800 | / | 0 |
| Kodo Beast | 1 | 255 | / | 60 |
| Spirit Walker | 2 | 390 | / | 70 |
| Tauren | 3 | 840 | / | 240 |
| Shaman | 3 | 390 | / | 60 |
| total: | 25 | 4200g | / | 430w |
| Altar of Storms | 1 | 180 | / | 50 |
| Orc Burrow | 7 | 1120 | / | 280 |
| Barracks | 1 | 180 | / | 50 |
| Voodoo Lounge | 1 | 130 | / | 30 |
| War Mill | 1 | 205 | / | 0 |
| Beastiary | 1 | 145 | / | 140 |
| Spirit Lodge | 1 | 150 | / | 150 |
| Tauren Totem | 2 | 270 | / | 310 |
| Stronghold | 1 | 315 | / | 190 |
| Fortress | 1 | 325 | / | 190 |
| total: | 15 | 2380g | / | 1010w |
| 0:02 | Peon |
| 0:02 | Peon |
| 0:15 | Altar of Storms |
| 0:25 | Peon |
| 0:32 | Orc Burrow |
| 0:38 | Peon |
| 0:44 | Barracks |
| 0:48 | Peon |
| 0:56 | Peon |
| 1:27 | Peon |
| 1:37 | Orc Burrow |
| 1:46 | Grunt |
| 1:55 | Voodoo Lounge |
| 2:14 | Grunt |
| 2:23 | Wind Walk |
| 2:31 | Orc Burrow |
| 2:53 | War Mill |
| 3:10 | Grunt |
| 3:58 | Critical Strike |
| 3:59 | Grunt |
| 4:05 | Orc Burrow |
| 4:13 | Stronghold |
| 4:47 | Grunt |
| 5:06 | Orc Burrow |
| 5:14 | Steel Melee Weapons |
| 5:51 | Grunt |
| 5:53 | Steel Armor |
| 6:07 | Healing Salve |
| 6:15 | Grunt |
| 7:18 | Wind Walk |
| 7:21 | Berserker Strength |
| 7:31 | Beastiary |
| 7:37 | Spirit Lodge |
| 7:45 | Hex |
| 7:57 | Orc Burrow |
| 8:43 | Kodo Beast |
| 8:49 | Fortress |
| 9:06 | Tauren Totem |
| 9:34 | Grunt |
| 9:36 | Shaman Adept Training |
| 9:38 | Thorium Melee Weapons |
| 10:22 | Grunt |
| 10:25 | Tauren Totem |
| 10:26 | Spirit Walker |
| 11:06 | Critical Strike |
| 11:11 | Healing Wave |
| 11:39 | Healing Wave |
| 11:55 | Spirit Walker Adept Training |
| 12:11 | Orc Burrow |
| 12:44 | Summon Lava Spawn |
| 12:48 | Pulverize |
| 12:52 | Tauren |
| 12:54 | Shaman Master Training |
| 12:58 | Spirit Walker Master Training |
| 13:25 | Tauren |
| 14:00 | Spirit Walker |
| 14:05 | Shaman |
| 14:51 | Shaman |
| 15:51 | Shaman |
| 15:59 | Thorium Armor |
| 16:38 | Witch Doctor Adept Training |
| 17:36 | Soul Burn |
| 17:40 | Wind Walk |
| 18:01 | Tauren |
| 18:03 | Hex |
| Right click | 846 |
| Select | 263 |
| Select group | 165 |
| Build/train/purchase | 68 |
| Assign group | 24 |
| Use ability | 8 |
| Item give/drop | 3 |
| Minimap ping | 2 |
| Remove unit | 1 |